 Dungeon Crawl Stone Soup version 0.25.1-1-g288607f (webtiles) character file.

Game seed: 380853921851178286

1816 RonnieColeman the Magician (level 9, -16/61 HPs)
             Began as an Octopode Conjurer on Sept 12, 2020.
             Was a Believer of Kikubaaqudgha.
             Demolished by an orc warrior
             ... wielding a +0 short sword
              (20 damage)
             ... on level 7 of the Dungeon.
             The game lasted 00:16:49 (9219 turns).

RonnieColeman the Magician (Octopode Conjurer)      Turns: 9219, Time: 00:16:51

Health: -16/61     AC:  1    Str:  8    XL:     9   Next: 10%
Magic:  24/29      EV: 13    Int: 20    God:    Kikubaaqudgha [**....]
Gold:   388        SH:  5    Dex: 12    Spells: 18/23 levels left

rFire    x . .     SeeInvis .   c - +1 short sword (venom)
rCold    + . .     Gourm    .   (no shield)
rNeg     . . .     Faith    .   (helmet restricted)
rPois    .         Spirit   .   v - amulet of reflection
rElec    .         Reflect  +   d - ring of ice
rCorr    .         Harm     .   j - ring of stealth
MR       .....                  q - ring of magical power
Stlth    ++++......             (no ring)
HPRegen  0.20/turn              (no ring)
MPRegen  0.21/turn              (no ring)
                                (no ring)
                                (no ring)

@: no status effects
A: almost no armour, stealthy swim, amphibious, 8 rings, constrict 8, camouflage
1, gelatinous body 1
a: Receive Corpses, Renounce Religion


You were on level 7 of the Dungeon.
You worshipped Kikubaaqudgha.
Kikubaaqudgha was pleased with you.
You were not hungry.

You visited 2 branches of the dungeon, and saw 9 of its levels.
You also visited: Ossuary.

You collected 388 gold pieces.

Inventory:

Hand Weapons
 c - a +1 short sword of venom (weapon)
 r - a +4 trident
Jewellery
 d - a ring of ice (left tentacle)
 j - a ring of stealth (right tentacle)
 q - a ring of magical power (on tentacle)
 v - an amulet of reflection (around mantle)
Scrolls
 a - a scroll of vulnerability
 i - a scroll of enchant armour
 k - 2 scrolls of fog
 l - a scroll of magic mapping
 m - a scroll of amnesia
 o - a scroll of enchant weapon
 p - 3 scrolls of remove curse
 t - 8 scrolls of identify
 w - a scroll of teleportation
Potions
 e - 2 potions of stabbing
 g - 2 potions of heal wounds
 h - 2 potions of ambrosia
 n - 9 potions of curing
 s - a potion of resistance
 u - a potion of invisibility
Comestibles
 b - 13 rations
 x - 7 chunks of flesh


   Skills:
 - Level 5.0 Fighting
 - Level 2.0 Dodging
 - Level 2.6 Stealth
 * Level 7.6 Spellcasting
 + Level 6.9 Conjurations
 + Level 2.7 Necromancy


You had 18 spell levels left.
You knew the following spells:

 Your Spells              Type           Power        Failure   Level  Hunger
a - Magic Dart            Conj           ####         1%          1    None
b - Searing Ray           Conj           #####.       1%          2    None
m - Sublimation of Blood  Necr           ###.......   4%          2    None

Your spell library contained the following spells:

 Spells                   Type           Power        Failure   Level  Hunger
 Pain                     Necr           ###.         3%          1    None
 Dazzling Flash           Conj/Hex       ###...       6%          3    None
 Corpse Rot               Necr/Air       N/A          8%          2    None
 Vampiric Draining        Necr           ###.......   9%          3    None
 Fulminant Prism          Conj/Hex       ###.......   22%         4    ###....
 Iskenderun's Mystic Bla  Conj/Tloc      ###.....     22%         4    ###....


Dungeon Overview and Level Annotations

Branches:
Dungeon (8/15)             Temple (1/1) D:4         Ossuary (visited)
   Lair: D:8-11

Altars:
Ashenzari
Cheibriados
Dithmenos
Elyvilon
Fedhas
Gozag
Hepliaklqana
Kikubaaqudgha
Makhleb
Nemelex Xobeh
Okawaru
Qazlal
Ru
Sif Muna
Trog
Uskayaw
Vehumet
Wu Jian
Xom
Yredelemnul
Zin
The Shining One

Shops:
D:7 (

Annotations:
D:8 Pikel


Innate Abilities, Weirdness & Mutations

You cannot wear most types of armour.
You are very stealthy in the water. (Stealth+)
You are amphibious.
You can wear up to eight rings at the same time.
You can use your tentacles to constrict eight enemies at once.
Your skin changes colour to match your surroundings (Stealth+).
Your rubbery body absorbs attacks. (AC +1, EV +1)


Message History

The orc warrior hits you with a +0 short sword.
You barely miss the orc warrior. You grab the orc warrior.
You squeeze the orc warrior, but do no damage.
The orc warrior is severely wounded.
You constrict the orc warrior.
The orc warrior hits you with a +0 short sword!
You hit the orc warrior but do no damage.
The orc warrior is poisoned.
The orc warrior is severely wounded.
You constrict the orc warrior.
The orc warrior hits you with a +0 short sword.
You hit the orc warrior but do no damage.
The orc warrior looks as sick as possible!
The orc warrior is severely wounded.
You constrict the orc warrior, but do no damage.
The orc warrior hits you with a +0 short sword!!
* * * LOW HITPOINT WARNING * * *
The orc warrior hits you with a +0 short sword!!
You die...
Kikubaaqudgha rasps: "You have failed me!
Welcome... death!"

#.# #.#################
#...............[.#
####.############.#
#............<##.#
#.#.############.#
######.#.........# #.#
#......#.#######.####.#######
#..............@............####
#..#..##.##.###.o...............
#..#..........#....##.#......###
##..#..#...............#......##
#......#..........(.#..#.......#
#.........#.......#.#..#.....#.#
#............#.#....#..#.....#.##
#...............(.###..#.....#..#
#.####.#.###.#.######.รท#.....##.#


You could see an orc warrior (extremely poisoned).

Vanquished Creatures
  A slave (D:8)
  A black bear (D:6)
  3 phantoms
  2 centaurs
  A big kobold (D:7)
  2 elf zombies (Ossuary)
  2 bullfrogs (D:7)
  2 scorpions
  2 crimson imps
  A hound (D:6)
  A human zombie (Ossuary)
  2 bullfrog skeletons
  A bullfrog zombie (D:6)
  A jelly (D:7)
  2 orc priests
  A centaur skeleton (D:7)
  4 orc wizards
  An iguana (D:7)
  3 worker ants
  A big kobold zombie (Ossuary)
  A hound skeleton (D:7)
  2 mummies (Ossuary)
  7 gnolls
  7 adders
  A shadow imp (D:6)
  2 oozes
  An adder zombie (Ossuary)
  A worm (D:4)
  2 dart slugs
  4 leopard geckos
  20 orcs
  6 giant cockroaches
  6 goblins
  7 hobgoblins
  4 jackals (D:7)
  3 quokkas
  A ball python (D:2)
  5 bats
  5 frilled lizards
  2 goblin zombies (Ossuary)
  10 hobgoblin zombies (Ossuary)
  2 jackal zombies
  9 kobolds
  10 kobold zombies (Ossuary)
  A leopard gecko zombie (D:7)
  8 orc zombies (Ossuary)
  8 rats
  A rat zombie (Ossuary)
170 creatures vanquished.

Notes
Turn   | Place    | Note
-------+----------+-------------------------------------------
     0 | D:1      | RonnieColeman the Octopode Conjurer began the quest for the
                  | Orb.
     0 | D:1      | Reached XP level 1. HP: 11/11 MP: 3/3
   545 | D:1      | Reached XP level 2. HP: 17/18 MP: 5/5
  1586 | D:2      | Reached skill level 1 in Fighting
  1650 | D:2      | Reached XP level 3. HP: 20/23 MP: 7/7
  1721 | D:2      | Learned a level 2 spell: Searing Ray
  2161 | D:2      | Reached skill level 3 in Spellcasting
  2841 | D:3      | Reached XP level 4. HP: 28/28 MP: 3/8
  3253 | D:3      | Reached XP level 5. HP: 32/34 MP: 10/10
  3441 | D:3      | Noticed a centaur
  3466 | D:3      | Reached skill level 4 in Spellcasting
  3593 | D:3      | Killed a centaur
  3593 | D:3      | Reached skill level 5 in Conjurations
  3593 | D:3      | Reached XP level 6. HP: 20/41 MP: 12/12
  3813 | D:3      | Found a shadowy altar of Dithmenos.
  4049 | D:4      | Found a sand-covered staircase.
  4059 | Ossuary  | Entered an ossuary
  4304 | Ossuary  | Reached XP level 7. HP: 24/46 MP: 1/14
  4320 | Ossuary  | HP: 1/46 [elf zombie (7)]
  4344 | Ossuary  | Reached skill level 5 in Spellcasting
  5395 | D:4      | Found a staircase to the Ecumenical Temple.
  5404 | Temple   | Entered the Ecumenical Temple
  5422 | Temple   | Became a worshipper of Kikubaaqudgha
  6287 | D:5      | Entered Level 5 of the Dungeon
  6468 | D:6      | Reached XP level 8. HP: 19/54 MP: 16/16
  6473 | D:6      | Reached skill level 6 in Spellcasting
  7047 | D:6      | Reached * piety under Kikubaaqudgha
  7047 | D:6      | Identified Kikubaaqudgha's Handbook of Evil (Kikubaaqudgha
                  | gifted it to you on level 6 of the Dungeon)
  7047 | D:6      | Received a gift from Kikubaaqudgha
  7064 | D:6      | Learned a level 2 spell: Sublimation of Blood
  7724 | D:7      | Reached skill level 1 in Necromancy
  8143 | D:7      | Reached skill level 5 in Fighting
  8143 | D:7      | Reached skill level 7 in Spellcasting
  8204 | D:7      | Found Yjiul's Weapon Emporium.
  8858 | D:7      | Reached XP level 9. HP: 34/61 MP: 20/20
  9047 | D:7      | Reached ** piety under Kikubaaqudgha
  9171 | D:8      | Noticed Pikel
  9201 | D:8      | Paralysed by Pikel for 2 turns
  9219 | D:7      | Demolished by an orc warrior

Illustrated notes

Levels and vault maps discovered:
D:1:      dpeg_arrival_rooms_b, layout_basic
D:2:      layout_basic
D:3:      layout_rooms, grunt_dithmenos_smoke
D:4:      layout_basic, temple_hall, nicolae_ossuary_entry_monument
D:5:      layout_gridville, first_ration, uniq_edmund
D:6:      layout_loops_cross, mumra_transporter_accident
D:7:      layout_basic, serial_shops, shop
D:8:      layout_rooms, uniq_pikel
Temple:   minmay_crystal_snake_temple

Skill      XL: |  1  2  3  4  5  6  7  8 |
---------------+-------------------------+-----
Fighting       | 1 2 3 4 5 |  5.0
Spellcasting   | 3 4 5 7 |  7.6
Conjurations   | 5 6 |  6.9
Necromancy     | 2 |  2.7
Dodging        | |  2.0
Stealth        | |  2.6

Action                   |  1- 3 |  4- 6 |  7- 9 || total
-------------------------+-------+-------+-------++-------
Melee: Spear             |    87 |    13 |       ||   100
       Unarmed           |     4 |       |       ||     4
       Constrict         |    21 |    26 |    27 ||    74
       Tentacles         |    10 |     8 |    17 ||    35
       Trident           |       |    79 |     9 ||    88
       Short sword       |       |     4 |    90 ||    94
 Cast: Magic Dart        |     8 |     3 |     9 ||    20
       Searing Ray       |     3 |    11 |    30 ||    44
  Use: Scroll            |       |     5 |    14 ||    19
       Potion            |       |       |     1 ||     1
 Stab: Sleeping          |     8 |    15 |    15 ||    38
       Distracted        |       |     1 |       ||     1
  Eat: Chunk             |     6 |     4 |    16 ||    26
Armor: Skin              |     5 |     5 |     6 ||    16
Dodge: Dodged            |    39 |    60 |    70 ||   169
Block: Other             |       |       |     9 ||     9
